 Dungeon Crawl Stone Soup version 0.23.0 (webtiles) character file.

Game seed: 2076162866459461605

49 Masnef the Charmwright (level 3, 0/18 HPs)
             Began as a Spriggan Skald on Feb 16, 2019.
             Slain by an adder (5 damage)
             ... on level 2 of the Dungeon.
             The game lasted 00:03:13 (2085 turns).

Masnef the Charmwright (Spriggan Skald)             Turns: 2085, Time: 00:03:14

Health: 0/18       AC:  2    Str:  7    XL:     3   Next: 51%
Magic:  8/8        EV: 19    Int: 15    God:
Gold:   100        SH:  0    Dex: 15    Spells: 4/7 levels left

rFire    . . .     SeeInvis +   a - +0 short sword
rCold    . . .     Gourm    .   (shield restricted)
rNeg     . . .     Faith    .   b - +0 robe
rPois    .         Spirit   .   (helmet restricted)
rElec    .         Reflect  .   (no cloak)
rCorr    .         Harm     .   (gloves unavailable)
MR       .....                  (boots unavailable)
Stlth    ++........             (no amulet)
HPRegen  0.06/turn              (no ring)
MPRegen  0.11/turn              (no ring)

@: lethally poisoned (0 -> -7), very quick
A: very small, unfitting armour, see invisible, herbivore, speed 3, slow
metabolism 2
a: no special abilities


You were on level 2 of the Dungeon.
You were not hungry.

You visited 1 branch of the dungeon, and saw 2 of its levels.

You collected 100 gold pieces.

Inventory:

Hand Weapons
 a - a +0 short sword (weapon)
Armour
 b - a +0 robe (worn)
Scrolls
 c - 2 scrolls of identify {unknown}
 f - a scroll of fog {unknown}
 h - a scroll of immolation {unknown}
Potions
 e - a potion of haste {unknown}
 g - 2 potions of magic {unknown}
 i - a potion of agility {unknown}
Comestibles
 d - 3 rations


   Skills:
 + Level 1.7 Fighting
 + Level 2.9 Short Blades
 + Level 3.9 Dodging
 * Level 2.1 Stealth
 + Level 2.8 Spellcasting
 + Level 4.8 Charms
 * Level 1.3 Translocations


You had 4 spell levels left.
You knew the following spells:

 Your Spells              Type           Power        Failure   Level  Hunger
a - Infusion              Chrm           ###.         2%          1    #......
b - Shroud of Golubria    Chrm/Tloc      ##........   9%          2    ##.....

Your spell library contained the following spells:

 Spells                   Type           Power        Failure   Level  Hunger
 Song of Slaying          Chrm           ###.....     4%          2    ##.....
 Regeneration             Chrm/Necr      #.........   22%         3    ###....
 Spectral Weapon          Hex/Chrm       #.......     22%         3    ###....


Dungeon Overview and Level Annotations

Branches:
Dungeon (2/15)

Altars:
Elyvilon
Uskayaw
Wu Jian


Innate Abilities, Weirdness & Mutations

You are very small and have problems with some larger weapons.
You are too small for most types of armour.
You have supernaturally acute eyesight. (SInv)
You are a herbivore.
You cover ground extremely quickly.
You need to consume almost no food.


Message History

You feel sick. The adder completely misses you.
You barely miss the adder.
The adder is lightly wounded.
The adder bites you. The adder closely misses you.
You hit the adder.
The adder is heavily wounded.
The adder bites you.
You are lethally poisoned!
The adder poisons you!
You closely miss the adder.
The adder is heavily wounded.
You feel sick. The adder misses you.
You hit the adder.
The adder is almost dead.
* * * LOW HITPOINT WARNING * * *
You feel sick. The adder bites you but does no damage.
You miss the adder.
The adder is almost dead.
The adder barely misses you. The adder bites you.
You die...

#........#
#.####
#.######.###.#
#.# ##...##
#†# ##.## #.#
#.# #.# #.# #
#.# ##.##
#...####.#
#..)#####
#.....S@.#
#.#......
#...######
#...##### #
#####


You could see an adder.

Vanquished Creatures
  2 dart slugs
  5 goblins (D:1)
  8 hobgoblins
  8 jackals (D:1)
  6 bats
  3 frilled lizards
  2 kobolds
  7 rats
41 creatures vanquished.

Notes
Turn   | Place    | Note
-------+----------+-------------------------------------------
     0 | D:1      | Masnef the Spriggan Skald began the quest for the Orb.
     0 | D:1      | Reached XP level 1. HP: 10/10 MP: 5/5
   338 | D:1      | Reached skill level 1 in Stealth
   538 | D:1      | Reached XP level 2. HP: 11/14 MP: 6/6
   542 | D:1      | Learned a level 2 spell: Shroud of Golubria
   980 | D:1      | Reached XP level 3. HP: 18/18 MP: 2/8
  1174 | D:1      | Reached skill level 1 in Translocations
  1773 | D:2      | Found an ornate altar of the Wu Jian Council.
  1774 | D:2      | Found a hide-covered altar of Uskayaw.
  1777 | D:2      | Found a white marble altar of Elyvilon.
  2085 | D:2      | Slain by an adder

Skill      XL: |  1  2  3 |
---------------+----------+-----
Stealth        | 1 2 |  2.1
Translocations | 1 |  1.3
Fighting       | |  1.7
Short Blades   | |  2.9
Dodging        | |  3.9
Spellcasting   | |  2.8
Charms         | |  4.8

Action                   || total
-------------------------++-------
Melee: Short sword       ||   167
 Cast: Infusion          ||     4
       Shroud of Golubri ||     3
 Stab: Sleeping          ||     8
Armor: Robe              ||    15
Dodge: Dodged            ||   150
